cohdb
Replays
Latest Replays
All Replays
Popular Replays
Top Player Replays
Match Explorer
How It Works
Community
CoH3 Stats
Reddit
Sign in to upload your games and track your stats! →
Sign in with Steam
Match 32352870
Unlisted
Match 32352870
Overview
Messages
Build Orders
End
Kradschützen Motorcycle Team
Panzergrenadier Squad
Panzergrenadier Squad
Construct Light Support Kompanie
Fire Support Elements
Flakvierling Half-track
2.5-tonne Medical Truck
le.IG 18 Mechanized Group
Vehicle Survival Package
Veteran Squad Leaders
Selects Italian Infantry
Selects Guastatori Squad
Guastatori Squad
Guastatori Squad
Selects Defensive Operations
Construct Panzerarmee Kommand
Selects Registered Artillery
Panzer III L Medium Tank
Walking Stuka Rocket Launcher
Registered Artillery
Selects Towed Cannone da 105/28 Field Howitzer
Selects Prepared Positions
Guastatori Squad
Armored Reserves
Walking Stuka Rocket Launcher
Registered Artillery
Registered Artillery
Tiger Heavy Tank
Selects Propaganda War
Propaganda War
Walking Stuka Rocket Launcher
[EASY] CLUBs37
假山
MAR1O
青山
Black Blast
2nd Amendment
LordSkin
gUi
0
0
Comments
sign in to comment!
No comments posted yet!